TOP OF THE 1ST |
Victoria Capitals batting - Pitching for Joplin Blasters : LHP Sean Walters
|
Pitching: LHP Sean Walters
|
|
Batting: RHB Mike Reynolds
|
0-0: Fly out, F7 (Flyball, 7LM, EV 80.0 MPH)
|
Batting: RHB Antonio Arechiga
|
0-0: Called Strike 0-1: Fly out, F7 (Flyball, 78M, EV 96.2 MPH)
|
Batting: RHB Nick Ellis
|
0-0: Called Strike 0-1: SINGLE (Groundball, 56D, EV 105.0 MPH)
|
Batting: RHB Hyeon-cheong Lee
|
0-0: Ball 1-0: Ball 2-0: Foul Ball, location: 2F 2-1: Ball 3-1: Foul Ball, location: 2F 3-2: Base on Balls Nick Ellis to second
|
Batting: SHB Rich Roberts
|
0-0: Ball 1-0: Ball 2-0: Called Strike 2-1: Foul Ball, location: 2F 2-2: Foul Ball, location: 2F 2-2: Ball 3-2: Foul Ball, location: 2F 3-2: Foul Ball, location: 2F 3-2: Base on Balls Nick Ellis to third Hyeon-cheong Lee to second
|
Batting: LHB Willard Balcome
|
0-0: Called Strike 0-1: Swinging Strike 0-2: Ball 1-2: Strikes out swinging
|
Top of the 1st over - 0 runs, 1 hit, 0 errors, 3 left on base; Victoria 0 - Joplin 0 |
BOTTOM OF THE 1ST |
Joplin Blasters batting - Pitching for Victoria Capitals : RHP Jae-chun Jung
|
Pitching: RHP Jae-chun Jung
|
|
Batting: RHB Mike McClung
|
0-0: Ball 1-0: Fly out, F8 (Flyball, 8LD, EV 90.6 MPH)
|
Batting: RHB Mike Stokes
|
0-0: Ball 1-0: Ground out 5-3 (Groundball, 56S, EV 85.6 MPH)
|
Batting: RHB Donnie Bednarz
|
0-0: Ball 1-0: Foul Ball, location: 2F 1-1: Called Strike 1-2: Ball 2-2: Strikes out looking
|
Bottom of the 1st over - 0 runs, 0 hits, 0 errors, 0 left on base; Victoria 0 - Joplin 0 |
TOP OF THE 2ND |
Victoria Capitals batting - Pitching for Joplin Blasters : LHP Sean Walters
|
Batting: RHB Ray Wathey
|
0-0: Ball 1-0: Foul Ball, location: 2F 1-1: Called Strike 1-2: Strikes out swinging
|
Batting: LHB Mike Jones
|
0-0: Foul Ball, location: 2F 0-1: Ground out U3 (Groundball, 34S, EV 72.5 MPH)
|
Batting: RHB Kyung-hwan Lee
|
0-0: Ball 1-0: Ball 2-0: Ball 3-0: Base on Balls
|
Batting: RHB Mike Reynolds
|
0-0: Ball 1-0: Swinging Strike 1-1: SINGLE (Groundball, 56D, EV 106.9 MPH) Kyung-hwan Lee to second Runner from 2nd tries for 3rd, SAFE, throw by LF made to third
|
Batting: RHB Antonio Arechiga
|
0-0: Called Strike 0-1: Called Strike 0-2: Ball 1-2: Strikes out looking
|
Top of the 2nd over - 0 runs, 1 hit, 0 errors, 2 left on base; Victoria 0 - Joplin 0 |
BOTTOM OF THE 2ND |
Joplin Blasters batting - Pitching for Victoria Capitals : RHP Jae-chun Jung
|
Batting: LHB Willie Marquez
|
0-0: Called Strike 0-1: Foul Ball, location: 2F 0-2: Strikes out swinging
|
Batting: RHB Nate Brewer
|
0-0: SINGLE (Line Drive, 9LS, EV 94.4 MPH)
|
Batting: RHB Jin-hoi Hur
|
0-0: Called Strike 0-1: Called Strike 0-2: Ball 1-2: Strikes out swinging
|
Batting: LHB Josh Lane
|
0-0: Swinging Strike 0-1: Ground out 1-3 (Groundball, 13S, EV 61.9 MPH)
|
Bottom of the 2nd over - 0 runs, 1 hit, 0 errors, 1 left on base; Victoria 0 - Joplin 0 |
TOP OF THE 3RD |
Victoria Capitals batting - Pitching for Joplin Blasters : LHP Sean Walters
|
Batting: RHB Nick Ellis
|
0-0: Ball 1-0: Swinging Strike 1-1: Ball 2-1: Ball 3-1: Base on Balls
|
Batting: RHB Hyeon-cheong Lee
|
0-0: Ball 1-0: Ball 2-0: Foul Ball, location: 2F 2-1: Ground out 5-3 (Groundball, 5S, EV 71.2 MPH) Nick Ellis to second
|
Batting: SHB Rich Roberts
|
0-0: Foul Ball, location: 2F 0-1: Called Strike 0-2: TRIPLE (Flyball, 78XD, EV 106.9 MPH) Nick Ellis scores
|
Batting: LHB Willard Balcome
|
0-0: Ball 1-0: Called Strike 1-1: Called Strike 1-2: Ball 2-2: SINGLE (Groundball, 3D, EV 97.5 MPH) Rich Roberts scores
|
Batting: RHB Ray Wathey
|
0-0: Ball 1-0: Foul Ball, location: 2F 1-1: Ball 2-1: Foul Ball, location: 2F 2-2: Ball 3-2: Strikes out swinging
|
Pitching: RHP Robert Carlos
|
|
Batting: LHB Mike Jones
|
0-0: Called Strike 0-1: Foul Ball, location: 2F 0-2: Strikes out swinging, 2-3 out at first.
|
Top of the 3rd over - 2 runs, 2 hits, 0 errors, 1 left on base; Victoria 2 - Joplin 0 |
BOTTOM OF THE 3RD |
Joplin Blasters batting - Pitching for Victoria Capitals : RHP Jae-chun Jung
|
Batting: RHB Sean Walters
|
0-0: Called Strike 0-1: Fly out, F8 (Flyball, 89M, EV 86.9 MPH)
|
Batting: RHB Bobby Leon
|
0-0: Called Strike 0-1: Swinging Strike 0-2: Strikes out swinging
|
Batting: RHB Mike McClung
|
0-0: Ball 1-0: Ball 2-0: Ball 3-0: Called Strike 3-1: Base on Balls
|
Batting: RHB Mike Stokes
|
0-0: Ball 1-0: Foul Ball, location: 2F 1-1: Ball 2-1: Foul Ball, location: 2F 2-2: Strikes out swinging
|
Bottom of the 3rd over - 0 runs, 0 hits, 0 errors, 1 left on base; Victoria 2 - Joplin 0 |
TOP OF THE 4TH |
Victoria Capitals batting - Pitching for Joplin Blasters : RHP Robert Carlos
|
Batting: RHB Kyung-hwan Lee
|
0-0: Ball 1-0: Fly out, F9 (Line Drive, 9, EV 88.8 MPH)
|
Batting: RHB Mike Reynolds
|
0-0: Swinging Strike 0-1: Ball 1-1: Fly out, F6 (Popup, 6S, EV 73.1 MPH)
|
Batting: RHB Antonio Arechiga
|
0-0: Ball 1-0: Ball 2-0: Called Strike 2-1: Ball 3-1: DOUBLE (Line Drive, 9LS, EV 106.9 MPH)
|
Batting: RHB Nick Ellis
|
0-0: Ball 1-0: Ball 2-0: Ball 3-0: Called Strike 3-1: Base on Balls
|
Batting: RHB Hyeon-cheong Lee
|
0-0: Called Strike 0-1: Ball 1-1: Fly out, F9 (Flyball, 9, EV 95.6 MPH)
|
Top of the 4th over - 0 runs, 1 hit, 0 errors, 2 left on base; Victoria 2 - Joplin 0 |
BOTTOM OF THE 4TH |
Joplin Blasters batting - Pitching for Victoria Capitals : RHP Jae-chun Jung
|
Batting: RHB Donnie Bednarz
|
0-0: Foul Ball, location: 2F 0-1: Ground out 2-3 (Groundball, 2L, EV 63.8 MPH)
|
Batting: LHB Willie Marquez
|
0-0: Fly out, F4 (Line Drive, 34D, EV 69.4 MPH)
|
Batting: RHB Nate Brewer
|
0-0: Swinging Strike 0-1: Fly out, F3 (Popup, 34, EV 80.0 MPH)
|
Bottom of the 4th over - 0 runs, 0 hits, 0 errors, 0 left on base; Victoria 2 - Joplin 0 |
TOP OF THE 5TH |
Victoria Capitals batting - Pitching for Joplin Blasters : RHP Robert Carlos
|
Batting: SHB Rich Roberts
|
0-0: Ball 1-0: Fly out, F8 (Flyball, 8RD, EV 93.1 MPH)
|
Batting: LHB Willard Balcome
|
0-0: Called Strike 0-1: Called Strike 0-2: Foul Ball, location: 2F 0-2: Ground out 6-3 (Groundball, 6, EV 88.8 MPH)
|
Batting: RHB Ray Wathey
|
0-0: Ball 1-0: Ball 2-0: Foul Ball, location: 2F 2-1: Ground out 6-3 (Groundball, 6, EV 87.5 MPH)
|
Top of the 5th over - 0 runs, 0 hits, 0 errors, 0 left on base; Victoria 2 - Joplin 0 |
BOTTOM OF THE 5TH |
Joplin Blasters batting - Pitching for Victoria Capitals : RHP Jae-chun Jung
|
Batting: RHB Jin-hoi Hur
|
0-0: Called Strike 0-1: Foul Ball, location: 2F 0-2: Strikes out looking
|
Batting: LHB Josh Lane
|
0-0: Called Strike 0-1: SINGLE (Groundball, 34D, EV 105.6 MPH)
|
Batting: RHB Sean Walters
|
0-0: Ball 1-0: 2-RUN HOME RUN (Flyball, 7LD, EV 96.2 MPH), Distance : 352 ft
|
Batting: RHB Bobby Leon
|
0-0: Called Strike 0-1: Ball 1-1: Swinging Strike 1-2: Ball 2-2: Strikes out swinging
|
Batting: RHB Mike McClung
|
0-0: Ball 1-0: Foul Ball, location: 2F 1-1: Called Strike 1-2: SINGLE (Flyball, 3D, EV 88.8 MPH)
|
Batting: RHB Mike Stokes
|
0-0: Foul Ball, location: 2F 0-1: Ball 1-1: Ball 2-1: Ground out 1-3 (Groundball, 34S, EV 76.9 MPH)
|
Bottom of the 5th over - 2 runs, 3 hits, 0 errors, 1 left on base; Victoria 2 - Joplin 2 |
TOP OF THE 6TH |
Victoria Capitals batting - Pitching for Joplin Blasters : RHP Robert Carlos
|
Batting: LHB Mike Jones
|
0-0: Called Strike 0-1: Ball 1-1: Ball 2-1: Swinging Strike 2-2: Fly out, F2 (Popup, 23F, EV 77.5 MPH)
|
Batting: RHB Kyung-hwan Lee
|
0-0: Ball 1-0: SINGLE (Groundball, 56D, EV 107.5 MPH)
|
Batting: RHB Mike Reynolds
|
0-0: Called Strike 0-1: Foul Ball, location: 2F 0-2: Strikes out swinging
|
Batting: RHB Antonio Arechiga
|
0-0: Ball 1-0: Ground out 4-3 (Groundball, 4, EV 83.8 MPH)
|
Top of the 6th over - 0 runs, 1 hit, 0 errors, 1 left on base; Victoria 2 - Joplin 2 |
BOTTOM OF THE 6TH |
Joplin Blasters batting - Pitching for Victoria Capitals : RHP Jae-chun Jung
|
Batting: RHB Donnie Bednarz
|
0-0: Ball 1-0: Fly out, F9 (Flyball, 89M, EV 96.2 MPH)
|
Batting: LHB Willie Marquez
|
0-0: Ball 1-0: Foul Ball, location: 2F 1-1: Ball 2-1: Foul Ball, location: 2F 2-2: TRIPLE (Groundball, 3L, EV 96.9 MPH)
|
Batting: RHB Nate Brewer
|
0-0: Intentional Walk
|
Batting: RHB Jin-hoi Hur
|
0-0: Ball 1-0: Called Strike 1-1: Ball 2-1: Called Strike 2-2: Ball 3-2: Foul Ball, location: 2F 3-2: Foul Ball, location: 2F 3-2: Foul Ball, location: 2F 3-2: Strikes out looking
|
Batting: LHB Josh Lane
|
0-0: Ball 1-0: Foul Ball, location: 2F 1-1: Foul Ball, location: 2F 1-2: Strikes out looking
|
Bottom of the 6th over - 0 runs, 1 hit, 0 errors, 2 left on base; Victoria 2 - Joplin 2 |
TOP OF THE 7TH |
Victoria Capitals batting - Pitching for Joplin Blasters : RHP Robert Carlos
|
Batting: RHB Nick Ellis
|
0-0: Foul Ball, location: 2F 0-1: Swinging Strike 0-2: Foul Ball, location: 2F 0-2: Ball 1-2: Ball 2-2: Ball 3-2: SOLO HOME RUN (Flyball, 7LD, EV 92.5 MPH), Distance : 354 ft
|
Batting: RHB Hyeon-cheong Lee
|
0-0: Called Strike 0-1: Ground out 4-3 (Groundball, 4, EV 100.0 MPH)
|
Batting: SHB Rich Roberts
|
0-0: Ball 1-0: SOLO HOME RUN (Flyball, 9D, EV 99.4 MPH), Distance : 381 ft
|
Batting: LHB Willard Balcome
|
0-0: Called Strike 0-1: Fly out, F8 (Flyball, 8LM, EV 90.6 MPH)
|
Batting: RHB Ray Wathey
|
0-0: Called Strike 0-1: Ball 1-1: SINGLE (Groundball, 6MD, EV 108.1 MPH)
|
Batting: LHB Mike Jones
|
0-0: Ball 1-0: SINGLE (Line Drive, 5D, EV 95.0 MPH) Ray Wathey to second
|
Pitching: RHP Jaden Brown
|
|
Batting: RHB Kyung-hwan Lee
|
0-0: Ball 1-0: Foul Ball, location: 2F 1-1: Ball 2-1: Foul Ball, location: 2F 2-2: Ball 3-2: Strikes out swinging
|
Top of the 7th over - 2 runs, 4 hits, 0 errors, 2 left on base; Victoria 4 - Joplin 2 |
BOTTOM OF THE 7TH |
Joplin Blasters batting - Pitching for Victoria Capitals : RHP Jae-chun Jung
|
Now at 1B: Kevin Harris
|
|
Batting: RHB Sean Walters
|
0-0: Ball 1-0: Foul Ball, location: 2F 1-1: Ground out 6-3 (Groundball, 6, EV 76.2 MPH)
|
Batting: RHB Bobby Leon
|
0-0: Foul Ball, location: 2F 0-1: Foul Ball, location: 2F 0-2: Ball 1-2: Strikes out swinging
|
Batting: RHB Mike McClung
|
0-0: Called Strike 0-1: Ball 1-1: Ball 2-1: Called Strike 2-2: Foul Ball, location: 2F 2-2: Ball 3-2: Foul Ball, location: 2F 3-2: Base on Balls
|
Pitching: RHP Charlie Bowden
|
|
Batting: RHB Mike Stokes
|
0-0: Fly out, F9 (Flyball, 89D, EV 94.4 MPH)
|
Bottom of the 7th over - 0 runs, 0 hits, 0 errors, 1 left on base; Victoria 4 - Joplin 2 |
TOP OF THE 8TH |
Victoria Capitals batting - Pitching for Joplin Blasters : RHP Jaden Brown
|
Batting: RHB Mike Reynolds
|
0-0: Called Strike 0-1: Called Strike 0-2: Foul Ball, location: 2F 0-2: Foul Ball, location: 2F 0-2: Foul Ball, location: 2F 0-2: Ball 1-2: Foul Ball, location: 2F 1-2: Strikes out swinging
|
Batting: RHB Antonio Arechiga
|
0-0: Ball 1-0: Ball 2-0: Ball 3-0: Called Strike 3-1: Foul Ball, location: 2F 3-2: Foul Ball, location: 2F 3-2: Base on Balls
|
Batting: RHB Nick Ellis
|
0-0: Ball Antonio Arechiga steals 2nd base 1-0: Intentional Walk
|
Batting: RHB Hyeon-cheong Lee
|
0-0: Fly out, F9 (Line Drive, 9D, EV 87.5 MPH) Runner from 2nd tags up, SAFE at 3rd, no throw by RF
|
Batting: SHB Rich Roberts
|
0-0: Called Strike 0-1: Ball 1-1: Ball 2-1: Called Strike 2-2: Strikes out swinging
|
Top of the 8th over - 0 runs, 0 hits, 0 errors, 2 left on base; Victoria 4 - Joplin 2 |
BOTTOM OF THE 8TH |
Joplin Blasters batting - Pitching for Victoria Capitals : RHP Charlie Bowden
|
Pinch Hitting: RHB Carlos Castillo
|
0-0: Called Strike 0-1: Swinging Strike 0-2: Ball 1-2: Foul Ball, location: 2F 1-2: Strikes out swinging
|
Batting: LHB Willie Marquez
|
0-0: Ball 1-0: Swinging Strike 1-1: Ball 2-1: Called Strike 2-2: Strikes out swinging
|
Pinch Hitting: RHB Cody Marshall
|
0-0: Ball 1-0: Ball 2-0: SINGLE (Line Drive, 9S, EV 105.0 MPH)
|
Pinch Hitting: RHB Colin Padgett
|
0-0: Fly out, F8 (Line Drive, 8LD, EV 96.2 MPH)
|
Bottom of the 8th over - 0 runs, 1 hit, 0 errors, 1 left on base; Victoria 4 - Joplin 2 |
TOP OF THE 9TH |
Victoria Capitals batting - Pitching for Joplin Blasters : RHP Jaden Brown
|
Now at 3B: Cody Marshall
|
|
Now in LF: Abban Sartika
|
|
Now in CF: Alex Valadez
|
|
Batting: RHB Kevin Harris
|
0-0: Fly out, F8 (Flyball, 8RD, EV 90.0 MPH)
|
Batting: RHB Ray Wathey
|
0-0: Ball 1-0: Ball 2-0: Called Strike 2-1: SINGLE (Groundball, 56D, EV 100.6 MPH)
|
Pinch Hitting: RHB Roberto Medina
|
0-0: Foul Ball, location: 2F 0-1: Ball 1-1: Fly out, F7 (Flyball, 7, EV 89.4 MPH)
|
Batting: RHB Kyung-hwan Lee
|
0-0: SINGLE (Groundball, 6MD, EV 96.9 MPH) Ray Wathey to second
|
Batting: RHB Mike Reynolds
|
0-0: Ball 1-0: Foul Ball, location: 2F 1-1: Ball 2-1: Ground out 5-3 (Groundball, 56, EV 98.1 MPH)
|
Top of the 9th over - 0 runs, 2 hits, 0 errors, 2 left on base; Victoria 4 - Joplin 2 |
BOTTOM OF THE 9TH |
Joplin Blasters batting - Pitching for Victoria Capitals : RHP Charlie Bowden
|
Now in LF: Rick Harrison
|
|
Pinch Hitting: RHB Dustin Peterson
|
0-0: Ball 1-0: Ball 2-0: Foul Ball, location: 2F 2-1: Fly out, F9 (Line Drive, 89M, EV 96.2 MPH)
|
Batting: RHB Kevin Lea
|
0-0: Swinging Strike 0-1: Fly out, F7 (Flyball, 7, EV 96.9 MPH)
|
Pinch Hitting: RHB Rade Mamula
|
0-0: Foul Ball, location: 2F 0-1: Called Strike 0-2: Ball 1-2: Foul Ball, location: 2F 1-2: TRIPLE (Flyball, 89XD, EV 98.1 MPH)
|
Batting: RHB Mike McClung
|
0-0: Ball 1-0: Foul Ball, location: 2F 1-1: Ball 2-1: Foul Ball, location: 2F 2-2: Ball 3-2: Base on Balls
|
Batting: RHB Mike Stokes
|
0-0: Ball 1-0: Called Strike 1-1: Foul Ball, location: 2F 1-2: Strikes out looking
|
Bottom of the 9th over - 0 runs, 1 hit, 0 errors, 2 left on base; Victoria 4 - Joplin 2 |
|